 Dungeon Crawl Stone Soup version 0.21-a0-270-g8204059 (webtiles) character file.

328 FrankyJ the Ogre Mage (level 6, 0/62 HPs)
             Began as an Ogre Fire Elementalist on Sept 15, 2017.
             Slain by an orc warrior
             ... wielding a +0 dire flail
              (13 damage)
             ... on level 6 of the Dungeon.
             The game lasted 00:12:14 (5574 turns).

FrankyJ the Ogre Mage (Ogre Fire Elementalist)      Turns: 5574, Time: 00:12:15

Health: 0/62       AC:  4    Str: 19    XL:     6   Next: 50%
Magic:  10/12      EV: 10    Int: 16    God:
Gold:   240        SH:  0    Dex:  9    Spells: 8/13 levels left

rFire    . . .     SeeInvis .   u - +7 hand axe "Babrureo" {speed, Str+4}
rCold    . . .     Gourm    .   (no shield)
rNeg     . . .     Faith    .   a - +1 robe
rPois    .         Spirit   .   (helmet restricted)
rElec    .         Reflect  .   (no cloak)
rCorr    .         Harm     .   (gloves unavailable)
MR       .....                  (boots unavailable)
Stlth    +.........             (no amulet)
HPRegen  0.20/turn              (no ring)
MPRegen  0.13/turn              (no ring)

@: very slightly contaminated
A: unfitting armour, tough skin 1
a: no special abilities


You were on level 6 of the Dungeon.
You were hungry.

You visited 1 branch of the dungeon, and saw 6 of its levels.

You collected 240 gold pieces.

Inventory:

Hand Weapons
 i - a +0 trident
 u - the +7 hand axe "Babrureo" (weapon) {speed, Str+4}
   (You found it on level 6 of the Dungeon)

   Attacks with this weapon are significantly faster.
   It affects your strength (+4).
Armour
 a - a +1 robe (worn)
 r - a +0 buckler
Wands
 o - a wand of polymorph (3/24)
Scrolls
 e - a scroll of remove curse
 f - 2 scrolls of identify {unknown}
 j - 2 scrolls of fear {unknown}
 k - 2 scrolls of amnesia {unknown}
Potions
 d - a potion of mutation {unknown}
 h - 2 potions of curing {unknown}
 n - a potion of invisibility {unknown}
 t - a potion of brilliance {unknown}
Books
 b - a book of Flames

   Spells                             Type                      Level
   a - Flame Tongue                   Conjuration/Fire             1
   b - Throw Flame                    Conjuration/Fire             2
   c - Conjure Flame                  Conjuration/Fire             3
   d - Inner Flame                    Hexes/Fire                   3
   e - Sticky Flame                   Conjuration/Fire             4
   f - Fireball                       Conjuration/Fire             5
 m - a book of Misfortune

   Spells                             Type                      Level
   a - Confusing Touch                Hexes                        1
   b - Confuse                        Hexes                        3
   c - Gell's Gravitas                Translocation                3
   d - Petrify                        Transmutation/Earth          4
   e - Metabolic Englaciation         Hexes/Ice                    5
   f - Yara's Violent Unravelling     Hexes/Transmutation          5
 q - a book of Callings

   Spells                             Type                      Level
   a - Summon Small Mammal            Summoning                    1
   b - Call Imp                       Summoning                    2
   c - Call Canine Familiar           Summoning                    3
   d - Summon Guardian Golem          Hexes/Summoning              3
   e - Summon Lightning Spire         Summoning/Air                4
   f - Summon Ice Beast               Ice/Summoning                4
 s - a book of Minor Magic

   Spells                             Type                      Level
   a - Magic Dart                     Conjuration                  1
   b - Blink                          Translocation                2
   c - Call Imp                       Summoning                    2
   d - Slow                           Hexes                        2
   e - Conjure Flame                  Conjuration/Fire             3
   f - Mephitic Cloud                 Conjuration/Poison/Air       3
Comestibles
 c - 4 bread rations
 g - 3 royal jellies
 p - a fruit


   Skills:
 - Level 4.0 Fighting
 - Level 3.1 Dodging
 - Level 1.4 Stealth
 + Level 4.1 Spellcasting
 - Level 1.0 Conjurations
 - Level 4.0 Fire Magic


You had 8 spell levels left.
You knew the following spells:

 Your Spells              Type           Power        Failure   Level  Hunger
a - Flame Tongue          Conj/Fire      ##...        6%          1    None
b - Sticky Flame          Conj/Fire      ##......     50%         4    ####...


Dungeon Overview and Level Annotations

Branches:
Dungeon (7/15)
 Temple: D:4-7

Altars:
Cheibriados
Dithmenos
Elyvilon

Shops:
D:4 :

Annotations:
D:3 Ijyb; anubisbafoobis's ghost, amateur CeHu


Innate Abilities, Weirdness & Mutations

You are too large for most types of armour.
You have tough skin. (AC +1)


Message History

Casting: Flame Tongue
Confirm with . or Enter, or press ? or * to list all spells.
Aiming: Flame Tongue
Press: ? - help, Shift-Dir - straight line, f - orc warrior
Aim: an orc warrior, wielding a dire flail and wearing a chain mail (moderately wounded)
The flame tongue hits the orc warrior.
The orc warrior is heavily wounded.
The orc warrior hits you with a dire flail!!
* * * LOW HITPOINT WARNING * * *
You hit the orc warrior.
The orc warrior is heavily wounded.
You feel much better.
The orc warrior hits you with a dire flail!!
* * * LOW HITPOINT WARNING * * *
You hit the orc warrior but do no damage.
The orc warrior is heavily wounded.
You barely miss the orc warrior.
The orc warrior is heavily wounded.
The orc warrior hits you with a dire flail!
You die...

#..#.. . .....
#### .. ....
#...## ... ...
##.....## ..#..
###.......# ...
.#.#._.#.#
#'#####..##.##..
#oo@......###...
######.........#
##.......##
##....### ######


You could see an orc warrior and an orc.

Vanquished Creatures
  A necrophage (D:7)
  A jelly (D:6)
  An orc priest (D:3)
  2 worker ants
  2 gnolls (D:1)
  4 adders
  3 worms
  3 dart slugs
  A leopard gecko (D:1)
  6 orcs
  A ball python (D:2)
  8 bats
  6 goblins
  4 hobgoblins
  9 kobolds
  3 quokkas (D:2)
  3 frilled lizards
  A jackal zombie (D:6)
  A quokka skeleton (D:4)
  5 rats
65 creatures vanquished.

Notes
Turn   | Place    | Note
-------+----------+-------------------------------------------
     0 | D:1      | FrankyJ the Ogre Fire Elementalist began the quest for the Orb.
     0 | D:1      | Reached XP level 1. HP: 16/16 MP: 3/3
    74 | D:1      | Reached skill level 1 in Fighting
   279 | D:1      | Reached XP level 2. HP: 7/29 MP: 0/5
   940 | D:1      | Reached XP level 3. HP: 33/37 MP: 3/6
  1172 | D:1      | Reached skill level 1 in Conjurations
  1811 | D:2      | Reached XP level 4. HP: 45/48 MP: 4/7
  2102 | D:2      | Learned a level 4 spell: Sticky Flame
  2731 | D:2      | Found a white marble altar of Elyvilon.
  3024 | D:3      | Noticed anubisbafoobis's ghost (amateur CeHu)
  3442 | D:3      | Found a snail-covered altar of Cheibriados.
  4149 | D:4      | Found Ylopetot's Book Shoppe.
  4294 | D:4      | Reached XP level 5. HP: 44/54 MP: 5/8
  4562 | D:4      | Noticed Ijyb
  5152 | D:4      | You fall through a shaft for 3 floors!
  5152 | D:7      | Noticed a necrophage
  5181 | D:7      | Killed a necrophage
  5181 | D:7      | Reached XP level 6. HP: 27/59 MP: 2/11
  5269 | D:7      | Noticed a naga
  5269 | D:7      | a scorpion changed into a naga
  5539 | D:6      | Found a shadowy altar of Dithmenos.
  5545 | D:6      | Got a dazzling hand axe
  5551 | D:6      | Identified the +7 hand axe "Babrureo" {speed, Str+4} (You found it on level 6 of the Dungeon)
  5554 | D:6      | Noticed an orc warrior
  5574 | D:6      | Slain by an orc warrior

Vault maps used:
D:1:      minmay_arrival_widening_spiral_wide, st_stairs_13
D:2:      marbit_many_paths, minmay_crystal_water
D:3:      old_standard_altar
D:4:      amethyst_overflow_temple_binary, serial_shops, shop_coins,
          first_bread, uniq_ijyb
D:6:      nicolae_dithmenos_through_a_glass_darkly, hangedman_decor_slide_cut,
          uniq_pikel
D:7:      tgw_xom, minmay_temple_entry_statues_pillars, serial_shops, shop,
          grunt_livestock, uniq_duvessa

Skill      XL: |  1  2  3  4  5  6 |
---------------+-------------------+-----
Fighting       | 2 3 4 |  4.0
Conjurations   | 1 |  1.0
Dodging        | 2 3 |  3.1
Fire Magic     | 3 4 |  4.0
Spellcasting   | 3 4 |  4.1
Stealth        | |  1.4

Action                   |  1- 3 |  4- 6 || total
-------------------------+-------+-------++-------
Melee: Unarmed           |    17 |     1 ||    18
       Club              |    13 |       ||    13
       Whip              |    30 |       ||    30
       Trident           |    23 |   112 ||   135
       Hand axe          |       |    13 ||    13
 Cast: Flame Tongue      |    32 |    64 ||    96
Evoke: Wand              |       |     5 ||     5
  Use: Scroll            |     3 |     2 ||     5
       Potion            |       |     2 ||     2
 Stab: Sleeping          |     3 |     5 ||     8
       Distracted        |       |     1 ||     1
  Eat: Chunk             |     3 |    12 ||    15
Armor: Robe              |    58 |    39 ||    97
Dodge: Dodged            |    70 |    76 ||   146

Table legend:
 A = Spawn XP
 B = Non-spawn XP
 C = Spawn XP percentage of total XP
 D = Spawn monster count
 E = Non-spawn monster count
 F = Spawn count percentage of total count
 G = Total turns spent on level
                    A         B        C        D         E        F      G
               +---------+---------+-------+---------+---------+-------+---------
         Total |       0 |     469 |   0.0 |       0 |      65 |   0.0 |  5574
               +---------+---------+-------+---------+---------+-------+---------
           D:1 |       0 |      62 |   0.0 |       0 |      21 |   0.0 |  1547
           D:2 |       0 |      80 |   0.0 |       0 |      24 |   0.0 |  1752
           D:3 |       0 |     101 |   0.0 |       0 |      12 |   0.0 |  1341
           D:4 |       0 |      42 |   0.0 |       0 |       3 |   0.0 |   512
           D:6 |       0 |      47 |   0.0 |       0 |       3 |   0.0 |   296
           D:7 |       0 |     137 |   0.0 |       0 |       2 |   0.0 |   126
               +---------+---------+-------+---------+---------+-------+---------
